 Dungeon Crawl Stone Soup version 0.29.1-15-g9cfb28693d (webtiles) character file.

Game seed: 9918630158414318781

28 hawla the Firebug (level 3, -13/26 HPs)
             Began as a Meteoran Fire Elementalist on Apr 25, 2023.
             Mangled by an ogre
             ... wielding a +0 giant spiked club
              (17 damage)
             ... on level 4 of the Dungeon.
             The game lasted 00:01:49 (153 turns).

hawla the Firebug (Meteoran Fire Elementalist)       Turns: 153, Time: 00:01:50

Health: -13/26     AC:  4    Str: 10    XL:     3   Next: 50%
Magic:  3/8        EV: 12    Int: 18    God:
Gold:   53         SH:  0    Dex: 14    Spells: 5/8 levels left

rFire   . . .      SeeInvis .   (no weapon)
rCold   . . .      Faith    .   (no shield)
rNeg    . . .      Spirit   .   a - +2 robe
rPois   .          Reflect  .   (no helmet)
rElec   .          Harm     .   (no cloak)
rCorr   .          Rampage  .   (no gloves)
Will    .....                   (no boots)
Stlth   +.........              (no amulet)
HPRegen 0.08/turn               (no ring)
MPRegen 0.11/turn               (no ring)

@: flying, glowing
A: sense surroundings 1, otherworldly, glowing, explore regen
a: no special abilities


You were on level 4 of the Dungeon.
You visited 1 branch of the dungeon, and saw 4 of its levels.

You collected 53 gold pieces.

Inventory:

Armour
 a - a +2 robe (worn)
Wands
 e - a wand of paralysis (9)
Scrolls
 d - a scroll of noise {unknown}
 g - a scroll of enchant armour
Potions
 b - a potion of magic
 c - a potion of cancellation


   Skills:
 + Level 2.7 Dodging
 - Level 1.4 Stealth
 + Level 3.2 Spellcasting
 + Level 1.7 Conjurations
 + Level 4.3 Fire Magic


You had 5 spell levels left.
You knew the following spells:

 Your Spells              Type           Power      Damage    Failure   Level
a - Foxfire               Conj/Fire      52%        2x1d6     4%          1
b - Scorch                Fire           36%        2d7       4%          2

Your spell library contained the following spells:

 Spells                   Type           Power      Damage    Failure   Level
 Conjure Flame            Conj/Fire      13%        6-21      14%         3
 Inner Flame              Hex/Fire       10%        N/A       21%         3
 Flame Wave               Conj/Fire      13%        2d6       41%         4


Dungeon Overview and Level Annotations

Branches:
Dungeon (4/15) Zot: 2247   Temple (0/1) D:4

Altars:


Innate Abilities, Weirdness & Mutations

You passively map a small area around you.
You are easily found by Zot.
You glow in the dark.
You regain HP and MP as you explore.


Message History

A gnoll comes into view. It is wielding a +0 club.
Found a fizzy emerald potion.
The gnoll shouts! x2
A gnoll comes into view. It is wielding a +0 flail.
Casting: Foxfire (safe; 4% risk of failure)
Confirm with . or Enter, or press ? or * to list all spells.
You conjure some foxfire!
You hear the slow hiss of a distant avalanche of sand.
The ogre hits you with a +0 giant spiked club!
Ouch! That really hurt!
The gnoll closely misses you.
Casting: Foxfire (safe; 4% risk of failure)
Confirm with . or Enter, or press ? or * to list all spells.
Flames lash the gnoll.
You kill the gnoll!
The foxfire hits the ogre.
The ogre is lightly wounded.
The foxfire hits the ogre.
The ogre is lightly wounded.
Casting: Scorch (safe; 4% risk of failure)
Confirm with . or Enter, or press ? or * to list all spells.
Flames lash the gnoll.
The gnoll is heavily wounded.
The gnoll's fire resistance burns away.
The ogre barely misses you.
Unknown command.
It was a potion of cancellation.
You feel magically purged. The ogre misses you.
It was a potion of flight.
You feel very buoyant.
You fly up into the air.
The gnoll hits you with a +0 club.
* * * LOW HITPOINT WARNING * * *
The gnoll hits you but does no damage.
Unknown command.
The gnoll attacks as you move away! The gnoll hits you with a +0 club.
* * * LOW HITPOINT WARNING * * *
The ogre attacks as you move away! The ogre misses you.
The ogre attacks as you move away!
The ogre hits you with a +0 giant spiked club!
Ouch! That really hurt!
You die...

........###.## ,*
,,............## * *
***..#.......... ,* ,
####.#........#* * * *
.....#........# ,
###..........# *, ,# ,
#.....#####.## ####.#.
.#...........#####.......
,
.....#..........@g.......
,,
####.############O.......
####.....# #g.....!.
#.....##.### ...).....
#.....##...#* ##........*
#..ยง..##.#.#* .........
#.....####.##.#
##.......,
.........#....#, .......
, ..........##### .......
*


You could see an ogre and 2 gnolls.

Vanquished Creatures
  A gnoll (D:4)
  An adder (D:4)
  A dart slug (D:4)
  A ball python (D:2)
  A goblin (D:2)
  2 hobgoblins
  A quokka (D:2)
8 creatures vanquished.

Vanquished Creatures (others)
  22 foxfires
22 creatures vanquished.

Grand Total: 30 creatures vanquished

Notes
Turn   | Place    | Note
-------+----------+-------------------------------------------
     0 | D:1      | hawla the Meteoran Fire Elementalist began the quest for
                  | the Orb.
     0 | D:1      | Reached XP level 1. HP: 14/14 MP: 5/5
    38 | D:2      | Reached XP level 2. HP: 20/20 MP: 2/6
    68 | D:3      | Learned a level 2 spell: Scorch
   100 | D:4      | Reached skill level 4 in Fire Magic
   128 | D:4      | Reached XP level 3. HP: 26/26 MP: 5/8
   144 | D:4      | Noticed an ogre
   153 | D:4      | Mangled by an ogre

Illustrated notes

Levels and vault maps discovered:
D:1:      dpeg_arrival_long_road, layout_rooms,
          hellmonk_ecumenical_altar_inner_sanctum
D:2:      minmay_angry_zag, layout_basic
D:3:      layout_loops_corners, nicolae_ashenzari_skybound, serial_shops,
          nicolae_shop_trees, corexii_leaking_fountain, kennysheep_nub
D:4:      layout_basic, minmay_temple_entry_offerings, enter_ossuary_2,
          minmay_surrounded

Skill      XL: |  1  2 |
---------------+-------+-----
Spellcasting   | 3 |  3.2
Fire Magic     | 4 |  4.3
Dodging        | |  2.7
Stealth        | |  1.4
Conjurations   | |  1.7

Action                   || total
-------------------------++-------
Melee: Unarmed           ||     1
 Cast: Foxfire           ||    12
       Scorch            ||     3
  Use: Scroll            ||     4
       Potion            ||     2
Armor: Robe              ||     1
Dodge: Dodged            ||     5
